 Dungeon Crawl Stone Soup version 0.19.0-11-g3fc08b3 (webtiles) character file.

98 Gingerlord the Ducker (level 4, 0/45 HPs)
             Began as an Ogre Wanderer on Nov 8, 2016.
             Slain by a leopard gecko (4 damage)
             ... on level 3 of the Dungeon.
             The game lasted 00:03:32 (2200 turns).

Gingerlord the Ducker (Ogre Wanderer)               Turns: 2200, Time: 00:03:33

Health: 0/45       AC:  3    Str: 15    XL:     4   Next: 69%
Magic:  5/5        EV: 11    Int: 14    God:
Gold:   135        SH:  0    Dex:  9    Spells: 0 memorised, 5 levels left

rFire  . . .     SeeInvis .     b - +0 mace
rCold  + . .     Gourm    .     e - +0 robe
rNeg   . . .     Faith    .     (no shield)
rPois  .         Spirit   .     (helmet restricted)
rElec  .         Reflect  .     (no cloak)
rCorr  .         Harm     .     (gloves unavailable)
MR     .....                    (boots unavailable)
Stlth  +.........               (no amulet)
                                (no ring)
                                i - ring of protection from cold

@: lethally poisoned (0 -> 0)
A: unfitting armour, tough skin 1
a: no special abilities


You were on level 3 of the Dungeon.
You were not hungry.

You visited 1 branch of the dungeon, and saw 3 of its levels.

You collected 135 gold pieces.

Inventory:

Hand Weapons
 b - a +0 mace (weapon)
Armour
 e - a +0 robe (worn)
Jewellery
 i - a ring of protection from cold (left hand)
Scrolls
 a - 3 scrolls of remove curse {unknown}
 c - 2 scrolls of recharging {unknown}
 d - a scroll of teleportation {unknown}
 h - a scroll of enchant armour {unknown}
 j - 3 scrolls of fear {unknown}
 k - a scroll of fog {unknown}
 l - a scroll of immolation {unknown}
 m - 5 scrolls of identify {unknown}
 o - a scroll of blinking {unknown}
Potions
 g - a potion of brilliance {unknown}
 p - a potion of magic {unknown}
 q - a potion of haste
 r - a potion of cancellation
 s - a potion of heal wounds {unknown}
Comestibles
 f - 3 bread rations
 n - a slice of pizza
 t - a meat ration


   Skills:
 + Level 3.3 Fighting
 + Level 3.1 Maces & Flails
   Level 1.0 Bows
 + Level 3.4 Dodging
   Level 1.0 Shields
 - Level 1.2 Spellcasting
   Level 1.0 Necromancy
   Level 1.0 Air Magic
   Level 1.0 Evocations


You had 5 spell levels left.
You didn't know any spells.

Dungeon Overview and Level Annotations

Branches:
Dungeon (3/15)

Altars:
Yredelemnul


Innate Abilities, Weirdness & Mutations

You are too large for most types of armour.
You have tough skin. (AC +1)


Message History

The worker ant bites you.
* * * LOW HITPOINT WARNING * * *
You are too injured to fight recklessly!
You are too injured to fight recklessly!
You hit the worker ant.
You kill the worker ant!
Your Maces & Flails skill increases to level 3!
You miss the frilled lizard. The frilled lizard bites you.
* * * LOW HITPOINT WARNING * * *
You hit the frilled lizard.
You kill the frilled lizard!
The leopard gecko barely misses you.
You hit the leopard gecko.
The leopard gecko is moderately wounded.
You feel sick. The leopard gecko bites you.
* * * LOW HITPOINT WARNING * * *
You miss the leopard gecko.
The leopard gecko is lightly wounded.
The leopard gecko bites you.
You die...

######### ##.......#
#.$..8...# #...8.8..# ####
#..8)_.8)# ...# #...8.8..#
##.####### #....8....
#........#########........#
#..#............@l.........
#[.#.###.###########.######
#..#>............ ...
#..#.###.######.. .....
#†.#.# #.# ...... ...#.#
#.# .##### ...#.# #.# ##
...#.# #.# ...#.# #.#


You could see a leopard gecko.

Vanquished Creatures
  A worker ant (D:3)
  3 adders (D:2)
  An ooze (D:2)
  A worm (D:2)
  3 dart slugs
  A leopard gecko (D:1)
  3 giant cockroaches (D:2)
  3 hobgoblins
  4 kobolds
  2 bats
  3 frilled lizards
  6 goblins
  4 rats
35 creatures vanquished.

Vanquished Creatures (others)
  4 toadstools (D:1)
4 creatures vanquished.

Grand Total: 39 creatures vanquished

Notes
Turn   | Place    | Note
-------+----------+-------------------------------------------
     0 | D:1      | Gingerlord the Ogre Wanderer began the quest for the Orb.
     0 | D:1      | Gingerlord set off with: a +0 shield, a +0 mace, a +0 shortbow, 25 arrows, a +0 robe, a bread ration
     0 | D:1      | Reached XP level 1. HP: 19/19 MP: 2/2
    49 | D:1      | Reached skill level 1 in Maces & Flails
    50 | D:1      | Reached XP level 2. HP: 9/28 MP: 3/3
   925 | D:2      | Reached XP level 3. HP: 24/35 MP: 4/4
   937 | D:2      | Found a basalt altar of Yredelemnul.
  1639 | D:2      | Reached XP level 4. HP: 36/44 MP: 5/5
  2179 | D:3      | Found a faded altar of an unknown god.
  2200 | D:3      | Slain by a leopard gecko

Skill      XL: |  1  2  3  4 |
---------------+-------------+-----
Maces & Flails | 1 2 3 |  3.1
Fighting       | 2 3 |  3.3
Dodging        | 3 |  3.4
Bows           | |  1.0
Shields        | |  1.0
Spellcasting   | |  1.2
Necromancy     | |  1.0
Air Magic      | |  1.0
Evocations     | |  1.0

Action                   |  1- 3 |  4- 6 || total
-------------------------+-------+-------++-------
Melee: Mace              |   101 |    41 ||   142
  Use: Potion            |     4 |       ||     4
 Stab: Sleeping          |     2 |       ||     2
  Eat: Chunk             |     2 |     2 ||     4
Armor: Robe              |    27 |    15 ||    42
       Skin              |     8 |       ||     8
Dodge: Dodged            |    60 |    37 ||    97
